 Dungeon Crawl Stone Soup version 0.19-a0-1886-gd64a0f0 (webtiles) character file.

74 KarmaPolice the Vandal (level 4, -3/29 HPs)
             Began as a Halfling Hunter on Oct 15, 2016.
             Slain by Jessica (4 damage)
             ... on level 2 of the Dungeon.
             The game lasted 00:05:52 (1803 turns).

KarmaPolice the Vandal (Halfling Hunter)            Turns: 1803, Time: 00:05:53

Health: -3/29      AC:  3    Str: 13    XL:     4   Next: 54%
Magic:  4/4        EV: 14    Int:  9    God:
Gold:   165        SH:  0    Dex: 15    Spells: 0 memorised, 3 levels left

rFire  . . .     SeeInvis .     o - +2 dagger (drain)
rCold  . . .     Gourm    .     c - +0 leather armour
rNeg   . . .     Faith    .     (shield restricted)
rPois  .         Spirit   .     (no helmet)
rElec  .         Dismiss  .     (no cloak)
rCorr  .         Reflect  .     (no gloves)
MR     .....     Harm     .     (no boots)
Stlth  ++........               (no amulet)
                                (no ring)
                                (no ring)

@: no status effects
A: mutation resistance 1
a: no special abilities


You were on level 2 of the Dungeon.
You were not hungry.

You visited 1 branch of the dungeon, and saw 2 of its levels.

You collected 165 gold pieces.

Inventory:

Hand Weapons
 a - a +1 hunting sling
 b - a +0 short sword
 o - a +2 dagger of draining (weapon)
Missiles
 d - 27 sling bullets
 m - 46 stones (quivered)
Armour
 c - a +0 leather armour (worn)
 e - a +0 cloak
 q - a +0 troll leather armour
Scrolls
 g - a scroll of random uselessness {unknown}
 k - 2 scrolls of identify {unknown}
 r - a scroll of recharging {unknown}
Potions
 h - a potion of flight {unknown}
 i - a potion of brilliance {unknown}
 n - a potion of cure mutation {unknown}
 p - a potion of heal wounds {unknown}
 t - a potion of agility {unknown}
Comestibles
 f - 4 bread rations
 j - 5 fruits
 l - 3 meat rations
 s - 5 chunks of flesh


   Skills:
 + Level 2.2 Fighting
 + Level 2.0 Short Blades
 + Level 6.9 Slings
 - Level 1.0 Armour
 - Level 2.3 Dodging
 + Level 1.3 Stealth


You had 3 spell levels left.
You didn't know any spells.

Dungeon Overview and Level Annotations

Branches:
Dungeon (2/15)

Altars:

Annotations:
D:2 Jessica, Robin


Innate Abilities, Weirdness & Mutations

You are small and have problems with some larger weapons.
You are somewhat resistant to further mutation.


Message History

* * * LOW HITPOINT WARNING * * *
Jessica closely misses you.
You hit the adder.
You kill the adder!
Your Short Blades skill increases to level 2!
Things that are here:
a club; an adder corpse You hit Jessica.
Jessica is almost dead.
Jessica gestures at you while chanting. Pain shoots through your body!
* * * LOW HITPOINT WARNING * * *
You closely miss Jessica.
Jessica is almost dead.
Jessica casts a spell.
Jessica seems to speed up.
You barely miss Jessica.
Jessica is almost dead.
Jessica hits you.
You die...

#.#.##
#.###.####..######.###
#....# #.# #.# #..#
#.... #.#..####.# #.#
#..# ##### #.........#
#.# #..# ####.######
#.# #..# #.# #.. ....
#.# ### #..#
#.#############..#
#........@@......#
###############>.#


You could see Jessica.

Vanquished Creatures
  2 adders (D:2)
  2 worms (D:2)
  A dart slug (D:1)
  2 bats
  4 giant cockroaches
  6 hobgoblins
  2 jackals (D:1)
  A ball python (D:1)
  13 goblins
  5 kobolds
  7 rats
45 creatures vanquished.

Notes
Turn   | Place    | Note
-------+----------+-------------------------------------------
     0 | D:1      | KarmaPolice the Halfling Hunter began the quest for the Orb.
     0 | D:1      | Reached XP level 1. HP: 14/14 MP: 1/1
    70 | D:1      | Reached skill level 6 in Slings
   228 | D:1      | Reached XP level 2. HP: 19/19 MP: 2/2
   394 | D:1      | Reached skill level 1 in Armour
   584 | D:1      | Reached XP level 3. HP: 22/24 MP: 3/3
   635 | D:1      | Reached skill level 1 in Short Blades
  1424 | D:2      | Noticed Robin
  1425 | D:2      | Found a faded altar of an unknown god.
  1440 | D:2      | Reached XP level 4. HP: 15/29 MP: 4/4
  1785 | D:2      | Noticed Jessica
  1801 | D:2      | HP: 1/29 [Jessica/nerve-wracking pain (6)]
  1803 | D:2      | Slain by Jessica

Vault maps used:
D:1:      dpeg_arrival_arbitrary_c, st_stairs_9, patterned_corridor
D:2:      nicolae_overflow_hidden_temple, ecumenical_altar_2,
          grunt_gozag_statues, uniq_jessica, uniq_natasha, uniq_robin

Skill      XL: |  1  2  3  4 |
---------------+-------------+-----
Slings         | 6 |  6.9
Armour         | 1 |  1.0
Short Blades   | 1 2 |  2.0
Fighting       | 2 |  2.2
Dodging        | |  2.3
Stealth        | |  1.3

Action                   |  1- 3 |  4- 6 || total
-------------------------+-------+-------++-------
Melee: Short sword       |    75 |       ||    75
       Dagger            |    19 |    44 ||    63
 Fire: Hunting sling     |     1 |       ||     1
  Eat: Chunk             |     2 |     1 ||     3
Armor: Leather armour    |    20 |       ||    20
Dodge: Dodged            |    79 |    28 ||   107
